 Dungeon Crawl Stone Soup version 0.25.0-9-g26727b657a (webtiles) character file.

Game seed: 18026015210735063698

7345 shadizar the Fighter (level 10, -2/95 HPs)
             Began as a Minotaur Fighter on June 17, 2020.
             Slain by an eight-headed hydra (7 damage)
             ... on level 8 of the Dungeon.
             The game lasted 00:14:09 (7316 turns).

shadizar the Fighter (Minotaur Fighter)             Turns: 7316, Time: 00:14:11

Health: -2/95      AC: 11    Str: 30    XL:     10   Next: 91%
Magic:  9/9        EV: 16    Int:  5    God:
Gold:   371        SH: 13    Dex: 16    Spells: 9/9 levels left

rFire    . . .     SeeInvis .   y - +2 mace (drain)
rCold    . . .     Gourm    .   c - +0 kite shield
rNeg     . . .     Faith    .   r - +1 steam dragon scales
rPois    .         Spirit   .   (helmet restricted)
rElec    .         Reflect  .   (no cloak)
rCorr    .         Harm     .   z - +1 pair of gloves
MR       .....                  k - +0 pair of boots
Stlth    +.........             (no amulet)
HPRegen  0.25/turn              m - +6 ring of dexterity
MPRegen  0.11/turn              s - +6 ring of strength

@: mighty
A: retaliatory headbutt, horns 2
a: no special abilities


You were on level 8 of the Dungeon.
You were not hungry.

You visited 2 branches of the dungeon, and saw 10 of its levels.

You collected 371 gold pieces.

Inventory:

Hand Weapons
 j - a +1 war axe of flaming
 y - a +2 mace of draining (weapon)
 D - a +0 morningstar
 H - a +4 hunting sling
Armour
 a - a +0 chain mail
 b - a +0 scale mail
 c - a +0 kite shield (worn)
 k - a +0 pair of boots (worn)
 r - +1 steam dragon scales (worn)
 z - a +1 pair of gloves (worn)
 K - a +0 plate armour
Jewellery
 m - a +6 ring of dexterity (left hand)
 q - an uncursed ring of fire
 s - a +6 ring of strength (right hand)
 t - an uncursed amulet of faith
Wands
 w - a wand of acid (3)
 A - a wand of clouds (3)
 F - a wand of polymorph (10)
Scrolls
 g - 2 scrolls of blinking
 h - 4 scrolls of remove curse
 p - 2 scrolls of teleportation
 C - 2 scrolls of fog
 E - 2 scrolls of identify
 G - a scroll of enchant armour {unknown}
Potions
 d - 2 potions of might
 e - 3 potions of lignification {unknown}
 i - 2 potions of mutation {unknown}
 l - 2 potions of heal wounds {unknown}
 n - 2 potions of cancellation {unknown}
 o - a potion of brilliance {unknown}
 u - a potion of haste {unknown}
 v - a potion of ambrosia {unknown}
 x - 5 potions of curing
 B - 2 potions of degeneration {unknown}
 J - a potion of invisibility {unknown}
Comestibles
 f - 15 rations
 I - 2 chunks of flesh


   Skills:
 + Level 11.0 Fighting
 + Level 9.0 Axes
 + Level 9.4 Armour
 + Level 7.7 Dodging
 + Level 9.3 Shields


You had 9 spell levels left.
You didn't know any spells.
Your spell library contained the following spells:

 Spells                   Type           Power        Failure   Level  Hunger
 Corona                   Hex            #......      73%         1    ##.....
 Ensorcelled Hibernation  Hex/Ice        #.....       86%         2    ###....
 Confusing Touch          Hex            #.......     97%         3    ####...
 Dazzling Flash           Conj/Hex       #.....       97%         3    ####...
 Tukima's Dance           Hex            #.......     97%         3    ####...


Dungeon Overview and Level Annotations

Branches:
Dungeon (9/15)             Temple (1/1) D:6            Lair (0/6) D:9
    Orc: D:9-12

Altars:
Ashenzari
Cheibriados
Dithmenos
Elyvilon
Fedhas
Gozag
Hepliaklqana
Kikubaaqudgha
Makhleb
Nemelex Xobeh
Okawaru
Qazlal
Ru
Sif Muna
Trog
Uskayaw
Vehumet
Wu Jian
Xom
Yredelemnul
Zin

Annotations:
D:4 Sigmund


Innate Abilities, Weirdness & Mutations

You reflexively headbutt those who attack you in melee.
You have a pair of horns on your head.


Message History

The eight-headed hydra bites you.
Unknown command.
You barely miss the eight-headed hydra.
You headbutt the eight-headed hydra, but do no damage.
The eight-headed hydra is heavily wounded.
The eight-headed hydra bites you but does no damage.
The eight-headed hydra bites you!
The eight-headed hydra completely misses you.
The eight-headed hydra bites you. x2
You block the eight-headed hydra's attack. x2
The eight-headed hydra bites you!
* * * LOW HITPOINT WARNING * * *
You feel very mighty all of a sudden. The eight-headed hydra bites you!
* * * LOW HITPOINT WARNING * * *
You block the eight-headed hydra's attack.
The eight-headed hydra bites you.
* * * LOW HITPOINT WARNING * * *
The eight-headed hydra bites you!
You die...

### ##......_......#.###
#.####..###.....#.......#
........# #.....#.......##
........# ###.###........#
........# #............##
........#####.........#.).##
...........................#
..........................##
........###....D@........##
........#................###
..........##...............#
..........#............#..###
.....................###....#
.........................##.#
#.........................#.#####
......>.........................#
.....................####.......#


You could see an eight-headed hydra (drained).

Vanquished Creatures
  Erica (D:8)
  Pikel (D:8)
  Maggie (D:7)
  Joseph (D:7)
  2 trolls (D:9)
  A slime creature (D:9)
  A hornet (D:8)
  3 hippogriffs
  3 hogs (D:8)
  A yak (D:8)
  A human (D:8)
  2 wargs (D:9)
  A water moccasin (D:9)
  An ice beast (D:7)
  2 sky beasts (D:8)
  2 black bears
  A hornet zombie (D:8)
  4 slaves (D:8)
  2 orc warriors
  3 centaurs
  An ogre (D:5)
  A crocodile (D:9)
  A big kobold (D:9)
  4 bullfrogs (D:9)
  A water moccasin zombie (D:7)
  4 wights (D:7)
  4 howler monkeys
  A jelly (D:8)
  2 crimson imps
  3 bullfrog zombies
  A centaur zombie (D:6)
  2 hounds (D:7)
  5 orc priests
  3 bullfrog skeletons
  8 orc wizards
  3 iguanas
  5 worker ants
  A killer bee zombie (D:6)
  A hound zombie (D:8)
  3 howler monkey zombies
  2 worker ant zombies
  11 gnolls
  9 adders
  3 shadow imps
  3 adder zombies
  5 worms
  3 leopard geckos
  28 orcs
  3 ball pythons
  5 giant cockroaches
  8 goblins
  6 hobgoblins
  8 jackals
  10 kobolds
  5 quokkas
  7 bats
  A frilled lizard (D:3)
  A jackal skeleton (D:5)
  A leopard gecko zombie (D:6)
  9 rats
  A plant (D:9)
217 creatures vanquished.

Notes
Turn   | Place    | Note
-------+----------+-------------------------------------------
     0 | D:1      | shadizar the Minotaur Fighter began the quest for the Orb.
     0 | D:1      | Reached XP level 1. HP: 19/19 MP: 0/0
     3 | D:1      | Noticed an electric eel
     3 | D:1      | Noticed an electric eel
    96 | D:1      | Reached XP level 2. HP: 26/27 MP: 1/1
   232 | D:1      | Reached skill level 4 in Fighting
   597 | D:2      | Reached XP level 3. HP: 30/33 MP: 2/2
   599 | D:2      | Reached skill level 1 in Dodging
  1034 | D:2      | Reached XP level 4. HP: 33/41 MP: 3/3
  1556 | D:3      | Reached skill level 5 in Fighting
  1719 | D:3      | Reached XP level 5. HP: 48/48 MP: 4/4
  1797 | D:4      | Noticed Sigmund
  1925 | D:5      | Entered Level 5 of the Dungeon
  2302 | D:5      | Noticed a centaur
  2307 | D:5      | Killed a centaur
  2307 | D:5      | Reached XP level 6. HP: 40/57 MP: 5/5
  2568 | D:5      | Reached skill level 6 in Fighting
  2568 | D:5      | Reached skill level 5 in Armour
  2921 | D:6      | Reached skill level 5 in Shields
  3009 | D:6      | Reached XP level 7. HP: 64/64 MP: 6/6
  3622 | D:6      | Found a staircase to the Ecumenical Temple.
  3658 | Temple   | Entered the Ecumenical Temple
  3955 | D:6      | Reached skill level 7 in Fighting
  4001 | D:6      | Noticed a moth of wrath
  4052 | D:6      | Found a bloodstained altar of Trog.
  4493 | D:7      | Noticed Joseph
  4518 | D:7      | Killed Joseph
  4518 | D:7      | Reached skill level 5 in Axes
  4518 | D:7      | Reached XP level 8. HP: 21/74 MP: 7/7
  4999 | D:7      | Noticed a hippogriff
  5007 | D:7      | Killed a hippogriff
  5007 | D:7      | Reached skill level 8 in Fighting
  5301 | D:7      | Noticed a hippogriff
  5309 | D:7      | Killed a hippogriff
  5309 | D:7      | Reached skill level 9 in Fighting
  5309 | D:7      | Reached XP level 9. HP: 75/83 MP: 8/8
  5521 | D:7      | Noticed Maggie
  5534 | D:7      | Killed Maggie
  5534 | D:7      | Reached skill level 5 in Dodging
  5702 | D:7      | Found a radiant altar of Vehumet.
  5762 | D:8      | Paralysed by a hornet for 3 turns
  6130 | D:8      | Found a sparkling altar of Nemelex Xobeh.
  6130 | D:8      | Found a stormy altar of Qazlal.
  6188 | D:8      | Reached skill level 10 in Fighting
  6192 | D:8      | Reached XP level 10. HP: 76/93 MP: 9/9
  6327 | D:8      | Noticed Pikel
  6347 | D:8      | Killed Pikel
  6389 | D:8      | Found an iron altar of Okawaru.
  6496 | D:8      | Noticed Erica
  6517 | D:8      | Killed Erica
  6935 | D:9      | Found a staircase to the Lair.
  7262 | D:9      | Noticed a cyan ugly thing
  7264 | D:9      | Noticed an eight-headed hydra
  7268 | D:9      | Reached skill level 11 in Fighting
  7316 | D:8      | Slain by an eight-headed hydra

Illustrated notes

Levels and vault maps discovered:
D:1:      arrival_aquarium_b, layout_rooms
D:2:      layout_rooms
D:3:      layout_rooms, first_ration
D:4:      layout_rooms, old_standard_altar, serial_shops, shop, uniq_sigmund,
          uniq_natasha
D:5:      layout_loops_ring
D:6:      layout_basic, tgw_trog, minmay_temple_entry_mist, minivault_24
D:7:      layout_gridville, kennysheep_mini_moat, uniq_maggie, uniq_joseph
D:8:      layout_cave_pools, nicolae_overflow_crystal_walls,
          gammafunk_temple_overflow_elements, grunt_livestock, uniq_pikel,
          uniq_erica
D:9:      minmay_bloctagon, layout_rooms, erik_lair_orcish_takeover
Temple:   nicolae_temple_elliptical

Skill      XL: |  1  2  3  4  5  6  7  8  9 10 |
---------------+-------------------------------+-----
Fighting       | 4 5 6 7 9 10 11 | 11.0
Armour         | 4 5 6 8 9 |  9.4
Dodging        | 1 2 3 4 6 7 |  7.7
Shields        | 4 5 6 8 9 |  9.3
Axes           | 3 4 5 6 7 9 |  9.0

Action                   |  1- 3 |  4- 6 |  7- 9 | 10-12 || total
-------------------------+-------+-------+-------+-------++-------
Melee: War axe           |    81 |   107 |   228 |   124 ||   540
       Headbutt          |    15 |    17 |    59 |    47 ||   138
       Mace              |       |       |       |     3 ||     3
  Use: Scroll            |       |       |    10 |       ||    10
       Potion            |       |       |       |     1 ||     1
  Eat: Chunk             |     1 |     6 |    10 |     4 ||    21
Armor: Scale mail        |    41 |    36 |    35 |       ||   112
       Steam dragon scal |       |       |    24 |    27 ||    51
Dodge: Dodged            |    32 |    42 |    89 |   101 ||   264
Block: Kite shield       |    54 |    68 |   133 |    94 ||   349
